AoeStats
← bro

African Clearing

510536208Analyzed
2v2 RM · 15h ago on Oct 1, 2026· 27m 18s· 4 players
Game mode
Random Map
Map size
Medium (4 player)
Population
200
Speed
Normal
Resources
Standard
Victory
Conquest
Starting age
Dark Age
Ending age
Imperial Age
RankedLock teamsTeams togetherTeam positionsShared explorationLock speedFull tech treeHidden civsTurbo modeCheats
Victory
Defeat
🇩🇪 Malians · Germany
1053
+14
🇩🇪 Gurjaras · Germany
1015
+15
🇨🇳 Japanese · China
1015
-15
🇹🇼 Inca · Taiwan
994
-14
bro
12:38 Loom
15:02 Feudal Age
16:58 Double-Bit Axe
16:57 Horse Collar
19:43 Castle Age
18:00 Stone Mining
23:49 Gold Mining
26:44 Wheelbarrow
25:54 Town Watch
hejonathan111
3:53 Loom
19:33 Feudal Age
19:51 Champi Runner
McMembran
5:43 Loom
7:13 Loom
12:08 Feudal Age
16:49 Fletching
25:05 Castle Age
24:12 Padded Archer Armor
25:09 Wheelbarrow
26:03 Double-Bit Axe
26:15 Bodkin Arrow
25:44 Crossbowman
26:22 Horse Collar
27:13 Leather Archer Armor
MaulenderMo
11:23 Loom
13:15 Feudal Age
18:08 Castle Age
15:57 Double-Bit Axe
16:32 Scale Barding Armor
17:28 Bloodlines
17:14 Horse Collar
22:28 Wheelbarrow
25:03 Bow Saw
27:04 Heavy Plow
Connection lost

Rejoining the realm…

Still unreachable

The connection could not be restored.

Session expired

The server has moved on; the page needs a fresh start.